 Dungeon Crawl Stone Soup version 0.20-a0-61-ga1b20b4 (webtiles) character file.

318 Faca the Shield-Bearer (level 6, -1/48 HPs)
             Began as a Formicid Fighter on Nov 17, 2016.
             Was an Initiate of Okawaru.
             Slain by Faca's ghost (7 damage)
             ... on level 4 of the Dungeon.
             The game lasted 00:18:56 (2555 turns).

Faca the Shield-Bearer (Formicid Fighter)           Turns: 2555, Time: 00:18:57

Health: -1/48      AC:  9    Str: 20    XL:     6   Next: 74%
Magic:  6/6        EV:  6    Int:  8    God:    Okawaru [......]
Gold:   175        SH: 10    Dex: 12    Spells: 0 memorised, 5 levels left

rFire  . . .     SeeInvis +     g - +2 short sword (drain)
rCold  . . .     Gourm    .     b - +0 chain mail
rNeg   . . .     Faith    .     c - +0 shield
rPois  .         Spirit   .     (helmet unavailable)
rElec  .         Reflect  .     (no cloak)
rCorr  .         Harm     .     (no gloves)
MR     .....                    (no boots)
Stlth  ..........               (no amulet)
                                (no ring)
                                i - ring of wizardry

@: no status effects
A: permanent stasis, dig shafts and tunnels, four strong arms, antennae 3
a: Dig, Shaft Self, Renounce Religion


You were on level 4 of the Dungeon.
You worshipped Okawaru.
Okawaru was noncommittal.
You were not hungry.

You visited 1 branch of the dungeon, and saw 4 of its levels.

You collected 175 gold pieces.

Inventory:

Hand Weapons
 a - a +0 long sword
 g - a +2 short sword of draining (weapon)
Armour
 b - a +0 chain mail (worn)
 c - a +0 shield (worn)
Jewellery
 i - a ring of wizardry (left hand)
Wands
 n - a wand of random effects (29/48)
Scrolls
 k - 4 scrolls of identify
 l - 5 scrolls of remove curse
Potions
 d - 2 potions of might
 e - a potion of curing
 h - 2 potions of magic
 j - a potion of haste {unknown}
 m - 2 potions of degeneration {unknown}
 q - a potion of flight {unknown}
 s - a potion of berserk rage {unknown}
Books
 p - a book of Minor Magic

   Spells                             Type                      Level
   a - Magic Dart                     Conjuration                  1
   b - Blink                          Translocation                2
   c - Call Imp                       Summoning                    2
   d - Repel Missiles                 Charms/Air                   2
   e - Slow                           Hexes                        2
   f - Conjure Flame                  Conjuration/Fire             3
   g - Mephitic Cloud                 Conjuration/Poison/Air       3
 r - a book of Changes

   Spells                             Type                      Level
   a - Beastly Appendage              Transmutation                1
   b - Sticks to Snakes               Transmutation                2
   c - Spider Form                    Transmutation/Poison         3
   d - Ice Form                       Ice/Transmutation            4
   e - Blade Hands                    Transmutation                5
Comestibles
 f - 3 bread rations
 o - a fruit
 t - a royal jelly


   Skills:
 + Level 4.2 Fighting
 - Level 1.1(2.6) Short Blades
 * Level 3.7(3.8) Long Blades
 + Level 4.4 Armour
 + Level 0.5 Dodging
 + Level 0.6 Stealth
 + Level 5.5 Shields


You had 5 spell levels left.
You didn't know any spells.

Dungeon Overview and Level Annotations

Branches:
Dungeon (4/15)
 Temple: D:4-7

Altars:
Ashenzari
Okawaru

Annotations:
D:4 Faca's ghost, amateur FoFi; Natasha


Innate Abilities, Weirdness & Mutations

You are under a permanent stasis effect.
You can dig through walls and to a lower floor.
Your four strong arms can wield two-handed weapons with a shield.
You have a pair of large antennae on your head. (SInv)


Message History

You block Faca's ghost's attack.
The orc wizard looks encouraged for a moment.
The orc wizard casts a cantrip, but nothing happens.
Natasha, Servant of Life and Death comes into view.
Natasha hisses angrily.
Natasha howls an incantation.
Natasha shimmers violently.
You block Natasha's attack. Faca's ghost barely misses you.
You barely miss Natasha. Natasha claws you.
* * * LOW HITPOINT WARNING * * *
Faca's ghost hits you.
* * * LOW HITPOINT WARNING * * *
You hit Natasha.
Natasha is moderately wounded.
Natasha claws you but does no damage. Faca's ghost hits you.
* * * LOW HITPOINT WARNING * * *
You closely miss Natasha.
Natasha is moderately wounded.
Natasha claws you but does no damage. Faca's ghost hits you!
You die...

##......# ## #..#..#.#
#.#..#..### #...##.....
#(......####
#####...##.#...#
########............#
##.....####..h##.#####.
##.......##..#@#.........
#.........#.##W...######.
#........>#.....###
#.........#.o##.#
#.......>....##.#
#(.........#.##.#
#.........##{##.#
#.........#.{##.#
#.........#{###.#


You could see an orc wizard (invisible), Natasha and Faca's ghost.

Vanquished Creatures
  The ghost of FrankyJ the Ducker, a weakling DsMo (D:3)
  A centaur skeleton (D:4)
  A worker ant (D:3)
  Natasha (twice) (D:4)
  A gnoll (D:3)
  5 adders
  3 oozes (D:2)
  5 worms
  3 dart slugs
  A leopard gecko (D:2)
  5 orcs
  2 ball pythons (D:1)
  6 bats
  8 giant cockroaches
  13 goblins
  7 hobgoblins
  4 jackals (D:2)
  A quokka (D:2)
  A frilled lizard (D:3)
  5 kobolds
  A quokka skeleton (D:3)
  7 rats
83 creatures vanquished.

Notes
Turn   | Place    | Note
-------+----------+-------------------------------------------
     0 | D:1      | Faca the Formicid Fighter began the quest for the Orb.
     0 | D:1      | Reached XP level 1. HP: 18/18 MP: 1/1
    60 | D:1      | Reached XP level 2. HP: 24/24 MP: 2/2
   459 | D:1      | Reached XP level 3. HP: 29/29 MP: 3/3
   529 | D:2      | Reached skill level 4 in Shields
   725 | D:2      | Reached XP level 4. HP: 33/37 MP: 4/4
  1460 | D:2      | Reached XP level 5. HP: 41/42 MP: 5/5
  1768 | D:3      | Reached skill level 1 in Short Blades
  1775 | D:3      | Found an iron altar of Okawaru.
  1787 | D:3      | Became a worshipper of Warmaster Okawaru
  2099 | D:3      | Noticed FrankyJ's ghost (weakling DsMo)
  2110 | D:3      | Killed FrankyJ's ghost
  2110 | D:3      | Reached skill level 5 in Shields
  2110 | D:3      | Reached XP level 6. HP: 39/48 MP: 6/6
  2385 | D:3      | Found a shattered altar of Ashenzari.
  2429 | D:4      | Noticed Natasha
  2443 | D:4      | Killed Natasha
  2482 | D:4      | Noticed Natasha
  2488 | D:4      | Killed Natasha
  2521 | D:4      | Noticed Faca's ghost (amateur FoFi)
  2549 | D:4      | Noticed Natasha
  2555 | D:4      | Slain by Faca's ghost

Vault maps used:
D:1:      minmay_arrival_loop
D:3:      marbit_many_paths, okawaru_altar_gauntlet_db
D:4:      grunt_gozag_breadcrumbs, first_bread, uniq_natasha, uniq_grinder

Skill      XL: |  1  2  3  4  5 |
---------------+----------------+-----
Shields        | 4 5 |  5.5
Long Blades    | 3 |  3.7
Fighting       | 4 |  4.2
Short Blades   | 1 |  1.1
Armour         | 4 |  4.4
Dodging        | |  0.5
Stealth        | |  0.6

Action                   |  1- 3 |  4- 6 || total
-------------------------+-------+-------++-------
Melee: Long sword        |    80 |    34 ||   114
       Short sword       |       |   179 ||   179
  Use: Potion            |     1 |       ||     1
       Scroll            |     1 |     2 ||     3
  Eat: Bread ration      |       |     1 ||     1
       Pizza             |       |     1 ||     1
Armor: Scale mail        |    36 |    23 ||    59
       Chain mail        |       |    54 ||    54
Dodge: Dodged            |    22 |    48 ||    70
Block: Shield            |    46 |    90 ||   136
       Rpst.: Long sword |    12 |     4 ||    16
